 Dungeon Crawl Stone Soup version 0.25.1-9-gc5326a611f (webtiles) character file.

Game seed: 4092898008473815416

308 teolandon225 the Poker (level 6, -1/52 HPs)
             Began as a Minotaur Gladiator on Dec 27, 2020.
             Was an Initiate of Nemelex Xobeh.
             Slain by a red devil
             ... wielding a +0 trident
             ... summoned by the player character
              (19 damage)
             ... in an ossuary.
             The game lasted 00:09:02 (2994 turns).

teolandon225 the Poker (Minotaur Gladiator)         Turns: 2994, Time: 00:09:03

Health: -1/52      AC:  4    Str: 20    XL:     6   Next: 16%
Magic:  5/5        EV: 13    Int:  5    God:    Nemelex Xobeh [......]
Gold:   199        SH:  0    Dex: 12    Spells: 5/5 levels left

rFire    . . .     SeeInvis .   a - +1 trident
rCold    . . .     Gourm    .   (no shield)
rNeg     . . .     Faith    .   b - +0 leather armour
rPois    .         Spirit   .   c - +1 hat
rElec    .         Reflect  .   (no cloak)
rCorr    .         Harm     .   (no gloves)
MR       .....                  (no boots)
Stlth    +.........             (no amulet)
HPRegen  0.17/turn              (no ring)
MPRegen  0.09/turn              (no ring)

@: marked
A: retaliatory headbutt, horns 2
a: Draw Escape, Draw Destruction, Draw Summoning, Renounce Religion


You were in an ossuary.
You worshipped Nemelex Xobeh.
Nemelex Xobeh was noncommittal.
You were not hungry.

You visited 1 branch of the dungeon, and saw 4 of its levels.
You also visited: Ossuary.

You collected 199 gold pieces.

Inventory:

Hand Weapons
 a - a +1 trident (weapon)
Missiles
 d - 3 throwing nets (quivered)
Armour
 b - a +0 leather armour (worn)
 c - a +1 hat (worn)
Scrolls
 e - a scroll of enchant armour
 i - 2 scrolls of identify
 n - a scroll of teleportation
 o - 2 scrolls of remove curse
Potions
 g - a potion of brilliance {unknown}
 h - a potion of haste {unknown}
 j - a potion of magic
 k - 2 potions of curing
 m - a potion of heal wounds {unknown}
 q - a potion of mutation {unknown}
Comestibles
 f - 10 rations


   Skills:
 + Level 4.1 Fighting
 * Level 5.9 Polearms
 - Level 2.0 Throwing
 + Level 3.1 Armour
 + Level 4.5 Dodging


You had 5 spell levels left.
You didn't know any spells.
Your spell library contained the following spells:

 Spells                   Type           Power        Failure   Level  Hunger
 Magic Dart               Conj           #...         52%         1    ##.....
 Blink                    Tloc           N/A          67%         2    ###....
 Call Imp                 Summ           #.......     67%         2    ###....
 Slow                     Hex            #.......     67%         2    ###....
 Conjure Flame            Conj/Fire      #.......     88%         3    ####...
 Mephitic Cloud           Conj/Pois/Air  #.......     88%         3    ####...


Dungeon Overview and Level Annotations

Branches:
Dungeon (4/15)            Ossuary (1/1)
 Temple: D:4-7

Altars:
Nemelex Xobeh


Innate Abilities, Weirdness & Mutations

You reflexively headbutt those who attack you in melee.
You have a pair of horns on your head.


Message History

The red devil hits you from afar with a +0 trident!
The human zombie hits your hell hound but does no damage.
Your hell hound bites the human zombie!
You are too injured to fight recklessly!
Attack whom?
Press: ? - help, Dir - move target cursor, f/p - red devil
Aim: a red devil, wielding a +0 trident (lightly wounded, summoned)
You could not reach far enough!
The red devil misses you.
Your hell hound bites the human zombie.
Attack whom?
Press: ? - help, Dir - move target cursor, f/p - red devil
Aim: a red devil, wielding a +0 trident (lightly wounded, summoned)
You could not reach far enough!
Your hell hound bites the red devil!
The red devil hits you from afar with a +0 trident!
* * * LOW HITPOINT WARNING * * *
Your hell hound closely misses the red devil.
You feel better.
The red devil hits you from afar with a +0 trident!!
You die...
Your body disappears without a glow.

..####+.... #...#
..#.....∩.# #...#
..#.......# #...#
..#.......# #...#
..#..Z....####.#...#
..#......ZZ.ZZ.#...#
..#.####..####.#...#
..# #.Z# #...# ..#
#..# #@..#
..######..######h..#
..........ZZ...M4Z.#
.......8..8...ZZ...#
............M.Z....#
...................#
####################


You could see a red devil (summoned), a mummy, a hobgoblin zombie, a big kobold
zombie, an orc zombie, a human zombie and a friendly hell hound (summoned,
catching breath).

Vanquished Creatures
  A bullfrog (D:3)
  Natasha (thrice) (D:2)
  4 gnolls (D:3)
  3 adders
  An ooze (D:3)
  An adder zombie (Ossuary)
  2 dart slugs
  4 leopard geckos
  3 orcs (D:4)
  3 giant cockroaches
  7 goblins
  4 hobgoblins
  5 jackals (D:1)
  A quokka (D:2)
  3 ball pythons (D:1)
  9 bats
  2 frilled lizards (D:1)
  A goblin zombie (Ossuary)
  5 hobgoblin zombies (Ossuary)
  A jackal zombie (Ossuary)
  8 kobolds
  6 kobold zombies (Ossuary)
  10 orc zombies (Ossuary)
  8 rats
95 creatures vanquished.

Vanquished Creatures (collateral kills)
  A mummy (Ossuary)
1 creature vanquished.

Grand Total: 96 creatures vanquished

Notes
Turn   | Place    | Note
-------+----------+-------------------------------------------
     0 | D:1      | teolandon225 the Minotaur Gladiator began the quest for the
                  | Orb.
     0 | D:1      | Reached XP level 1. HP: 18/18 MP: 0/0
    83 | D:1      | Reached XP level 2. HP: 22/25 MP: 1/1
   120 | D:1      | Reached skill level 4 in Polearms
   157 | D:1      | Reached skill level 1 in Armour
   506 | D:1      | Reached XP level 3. HP: 30/30 MP: 2/2
  1152 | D:2      | Noticed Natasha
  1164 | D:2      | Killed Natasha
  1164 | D:2      | Reached XP level 4. HP: 18/38 MP: 3/3
  1328 | D:2      | Noticed Natasha
  1335 | D:2      | Killed Natasha
  1335 | D:2      | Reached skill level 5 in Polearms
  1551 | D:2      | Noticed Natasha
  1561 | D:2      | Killed Natasha
  1561 | D:2      | Reached XP level 5. HP: 32/45 MP: 4/4
  2569 | D:4      | Reached XP level 6. HP: 42/52 MP: 5/5
  2607 | D:4      | Found a sparkling altar of Nemelex Xobeh.
  2615 | D:4      | Became a worshipper of Nemelex Xobeh the Trickster
  2826 | D:4      | Found a sand-covered staircase.
  2835 | Ossuary  | Entered an ossuary
  2836 | Ossuary  | Received a gift from Nemelex Xobeh
  2987 | Ossuary  | Noticed a red devil
  2994 | Ossuary  | Slain by a red devil

Illustrated notes

Levels and vault maps discovered:
D:1:      minmay_arrival_stone_box, layout_rooms, serial_bayou_pond_c,
          hangedman_decor_points, serial_park_tiny_1
D:2:      minmay_alternating_diamond, layout_rooms, first_ration, uniq_natasha
D:3:      layout_basic
D:4:      kennysheep_kobold_camp, layout_gridville,
          nemelex_xobeh_ov_fountains_minmay, enter_ossuary_4
Ossuary:  ossuary_tomb_1

Skill      XL: |  1  2  3  4  5 |
---------------+----------------+-----
Polearms       | 4 5 |  5.9
Armour         | 1 2 3 |  3.1
Fighting       | 3 4 |  4.1
Dodging        | 4 |  4.5
Throwing       | |  2.0

Action                   |  1- 3 |  4- 6 || total
-------------------------+-------+-------++-------
Melee: Trident           |    93 |   128 ||   221
       Headbutt          |    11 |    14 ||    25
Invok: Draw Destruction  |       |     1 ||     1
       Draw Summoning    |       |     1 ||     1
  Use: Scroll            |       |     8 ||     8
       Potion            |       |     2 ||     2
 Stab: Sleeping          |       |     1 ||     1
  Eat: Ration            |     1 |       ||     1
       Chunk             |       |     3 ||     3
Armor: Leather armour    |    17 |    16 ||    33
Dodge: Dodged            |    66 |    55 ||   121
